 Dungeon Crawl Stone Soup version 0.29-a0-322-g68df515428 (webtiles) character file.

Game seed: 17835367472601459623

8815 jdsmith2816 the Grappler (level 11, -1/95 HPs)
             Began as a Ghoul Monk on Apr 9, 2022.
             Was an Elder of Okawaru.
             Slain by a komodo dragon (17 damage)
             ... on level 10 of the Dungeon on Apr 10, 2022.
             The game lasted 01:20:14 (15328 turns).

jdsmith2816 the Grappler (Ghoul Monk)              Turns: 15328, Time: 01:20:15

Health: -1/95      AC: 13    Str: 16    XL:     11   Next: 36%
Magic:  0/12       EV: 10    Int:  9    God:    Okawaru [****..]
Gold:   437        SH: 12    Dex: 11    Spells: 10/10 levels left

rFire   . . .      SeeInvis .     - Unarmed
rCold   + . .      Faith    .   C - +2 kite shield
rNeg    + + +      Spirit   +   D - +2 ring mail {rPois}
rPois   ∞          Reflect  .   G - +1 helmet
rElec   .          Harm     .   n - +0 cloak
rCorr   .          Rampage  .   (no gloves)
Will    .....                   y - +0 pair of boots
Stlth   +.........              i - amulet of guardian spirit
HPRegen 0.00/turn               (no ring)
MPRegen 0.13/turn               (no ring)

@: inhibited regen
A: claws 1, cold resistance 1, negative energy resistance 3, inhibited
regeneration, torment resistance 2, devour on kill
a: Renounce Religion, Heroism, Finesse


You were on level 10 of the Dungeon.
You worshipped Okawaru.
Okawaru was greatly pleased with you.
You visited 2 branches of the dungeon, and saw 11 of its levels.

You collected 536 gold pieces.
You spent 99 gold pieces at shops.


Innate Abilities, Weirdness & Mutations

You are immune to poison.
You have sharp fingernails.
Your flesh is cold resistant. (rC+)
You are immune to negative energy. (rN+++)
You do not regenerate when monsters are visible.
You are immune to unholy pain and torment.
You thrive by killing the living.


   Skills:
 - Level 8.8 Fighting
 - Level 2.0 Throwing
 - Level 5.5 Armour
 - Level 2.6 Dodging
 - Level 2.1 Stealth
 * Level 9.4 Shields
 + Level 11.0 Unarmed Combat
 - Level 3.0 Invocations


You had 10 spell levels left.
You didn't know any spells.
Your spell library contained the following spells:

 Spells                   Type           Power      Damage    Failure   Level
 Magic Dart               Conj           0%         1d3       86%         1
 Blink                    Tloc           0%         N/A       94%         2
 Conjure Flame            Conj/Fire      0%         6-21      99%         3
 Ignite Poison            Fire/Tmut/Pois 0%         N/A       99%         3
 Lesser Beckoning         Tloc           0%         N/A       99%         3
 Mephitic Cloud           Conj/Pois/Air  0%         N/A       99%         3
 Sticky Flame             Conj/Fire      0%         2d3       100%        4
 Alistair's Intoxication  Tmut/Pois      0%         N/A       100%        5
 Borgnjor's Vile Clutch   Necr/Erth      0%         N/A       100%        5
 Manifold Assault         Tloc           0%         N/A       100%        5
 Eringya's Noxious Bog    Tmut/Pois      0%         N/A       100%        6
 Call Imp                 Summ           Unusable   N/A       N/A         2

Inventory:

Hand Weapons
 b - a +0 hunting sling of venom
 l - a +2 dagger of flaming
Missiles
 d - 15 poisoned darts
 u - 315 stones (quivered)
 x - 3 throwing nets {=f}
Armour
 j - a +0 leather armour of fire resistance
 n - a +0 cloak (worn)
 y - a +0 pair of boots (worn)
 C - a +2 kite shield (worn)
 D - a +2 ring mail of poison resistance (worn)
 G - a +1 helmet (worn)
Jewellery
 i - an amulet of guardian spirit (around neck)
Wands
 a - a wand of iceblast (7)
 e - a wand of polymorph (6)
 s - a wand of charming (9)
 t - a wand of flame (30)
Scrolls
 c - a scroll of immolation
 f - a scroll of brand weapon
 h - 8 scrolls of teleportation {@r2}
 k - 2 scrolls of fear
 w - a scroll of amnesia {unknown}
 z - a scroll of enchant weapon {unknown}
 A - a scroll of magic mapping
 H - a scroll of blinking
Potions
 m - a potion of haste {@q3}
 o - a potion of cancellation {unknown}
 p - 3 potions of curing {@q1}
 q - a potion of magic
 r - 3 potions of attraction
 v - a potion of brilliance
 B - a potion of flight {unknown}
 E - 2 potions of berserk rage {unknown}
 F - a potion of resistance

Dungeon Overview and Level Annotations

Branches:
Dungeon (10/15)            Temple (1/1) D:7            Lair (0/6) D:10
    Orc (0/2) D:9

Altars:
Ashenzari
Cheibriados
Dithmenos
Elyvilon
Fedhas
Gozag
Hepliaklqana
Kikubaaqudgha
Makhleb
Nemelex Xobeh
Okawaru
Qazlal
Ru
Sif Muna
Trog
Uskayaw
Vehumet
Wu Jian
Xom
Yredelemnul
Zin
The Shining One

Shops:
D:2 ?[[[   D:9 *   D:10 (

Annotations:
D:2 1 runed translucent door, Crazy Yiuf
D:4 exclusion: downstairs
D:8 exclusions: upstairs and 1 more exclusion

##.########..........##...
#..# #..........#*... ##
##.## #####'######**** .##
#..# #.# * ..## #.## #.# *
▒..## #.# #.#
▒▒..###'###### #####'###
≈▒▒..........#####.......#
≈▒▒..#######.'.l@'......>#
⚑8▒▒.#.#.....#####.......#
▒▒▒▒.#.#.####*
#.......######## .▒
▒.#.#,*,,>*
#.......+.......
.▒▒▒.#.#,*,*,*
#.......########
.▒▒..#.#,*,*,* #....!..#
▒▒...#.#,*,*,* ####'####
...#...#,,,,,* #.#
######'#****** #.##


You could see a komodo dragon.


Message History

You are too injured to fight recklessly!
You are too injured to fight recklessly!
You closely miss the komodo dragon.
The komodo dragon is heavily wounded.
The komodo dragon closely misses you.
You claw the komodo dragon!
The komodo dragon is severely wounded.
The komodo dragon bites you!!
* * * LOW HITPOINT WARNING * * *
You barely miss the komodo dragon.
The komodo dragon is severely wounded.
The komodo dragon bites you!!
* * * LOW HITPOINT WARNING * * *
You feel much better. The komodo dragon bites you!
* * * LOW HITPOINT WARNING * * *
Okay, then.
The komodo dragon attacks as you move away!
The komodo dragon bites you but does no damage.
The komodo dragon attacks as you move away!
You block the komodo dragon's attack.
You scratch the komodo dragon.
The komodo dragon is severely wounded.
The komodo dragon bites you but does no damage.
You closely miss the komodo dragon.
The komodo dragon is severely wounded.
The komodo dragon bites you but does no damage.
You claw the komodo dragon!
The komodo dragon is almost dead.
The komodo dragon bites you!!
You die...

Skill      XL: |  1  2  3  4  5  6  7  8  9 10 11 |
---------------+----------------------------------+-----
Unarmed Combat | 4 5 6 7 8 9 10 11 | 11.0
Armour         | 1 3 5 |  5.5
Throwing       | 1 2 |  2.0
Fighting       | 4 5 8 |  8.8
Shields        | 1 5 8 9 |  9.4
Invocations    | 3 |  3.0
Dodging        | |  2.6
Stealth        | |  2.1

Action                   |  1- 3 |  4- 6 |  7- 9 | 10-12 || total
-------------------------+-------+-------+-------+-------++-------
Melee: Unarmed           |    76 |   164 |   435 |   406 ||  1081
       Punch             |     2 |     6 |     6 |       ||    14
Throw: Stone             |       |       |     9 |       ||     9
       Dart              |       |       |     1 |       ||     1
Invok: Heroism           |       |       |       |     9 ||     9
Evoke: Wand              |       |     4 |    14 |       ||    18
  Use: Scroll            |       |     7 |     9 |     8 ||    24
       Potion            |       |       |     6 |     2 ||     8
 Stab: Distracted        |       |       |     1 |       ||     1
Armor: Scale mail        |    27 |    55 |    81 |       ||   163
       Robe              |     1 |       |       |       ||     1
       Ring mail         |       |       |    73 |   101 ||   174
Dodge: Dodged            |    41 |    66 |   148 |    98 ||   353
Block: Kite shield       |       |       |   100 |   214 ||   314

Levels and vault maps discovered:
D:1:      dpeg_arrival_castle, layout_rooms, serial_bayou_pond_c
D:2:      layout_basic, serial_shops, shop, nicolae_lakefront_shop, shop, shop,
          uniq_crazy_yiuf_cottage
D:3:      layout_loops_ring, minmay_surrounded
D:4:      layout_basic, minmay_fractal_squares_5
D:5:      layout_loops_cross, minmay_misc_feat_iff, lexackson_kobold_supper,
          uniq_grinder
D:6:      corexii_shantytown, layout_basic, nicolae_qazlal_general_emergency,
          kennysheep_pointless_box
D:7:      wad_guarded_room, layout_basic, minmay_temple_entry_statues,
          eino_curves_02, dk_vineyard_3, kennysheep_dice, uniq_menkaure
D:8:      layout_basic, nicolae_ashenzari_skybound,
          nicolae_dithmenos_the_darkroom, uniq_prince_ribbit1
D:9:      layout_basic, orc_0_dummy, enter_bailey_4, nicolae_transmutations_shop
D:10:     layout_roguey, gammafunk_temple_overflow_claw,
          nemelex_xobeh_ov_fountains_minmay, lair_entry_dummy, serial_shops,
          shop
Temple:   regret_index_temple_waves

Notes
Turn   | Place    | Note
-------+----------+-------------------------------------------
     0 | D:1      | jdsmith2816 the Ghoul Monk began the quest for the Orb.
     0 | D:1      | Reached XP level 1. HP: 19/19 MP: 0/0
    58 | D:1      | Reached skill level 4 in Unarmed Combat
    58 | D:1      | Reached XP level 2. HP: 26/26 MP: 1/1
   390 | D:1      | Reached XP level 3. HP: 18/31 MP: 2/2
   825 | D:2      | Reached skill level 5 in Unarmed Combat
   835 | D:2      | Found Gehiy's Armour Shoppe.
   886 | D:2      | Reached XP level 4. HP: 37/38 MP: 3/3
   931 | D:2      | Found a runed translucent door.
   932 | D:2      | Noticed Crazy Yiuf
  1189 | D:2      | Found Nol Moll's Antique Armour Shop.
  1394 | D:2      | Found Necwas's Magic Scroll Boutique.
  1403 | D:2      | Bought a scroll of teleportation for 33 gold pieces
  1403 | D:2      | Bought a scroll of identify for 22 gold pieces
  1417 | D:2      | Found Voakle's Armour Boutique.
  1973 | D:3      | Reached skill level 6 in Unarmed Combat
  2233 | D:3      | Reached XP level 5. HP: 43/45 MP: 4/4
  2476 | D:4      | Noticed an ogre
  3088 | D:4      | Reached skill level 7 in Unarmed Combat
  3306 | D:4      | Reached XP level 6. HP: 46/51 MP: 3/5
  3597 | D:5      | Entered Level 5 of the Dungeon
  3609 | D:5      | Noticed a water moccasin
  3615 | D:5      | Killed a water moccasin
  3616 | D:5      | Reached skill level 1 in Armour
  3618 | D:5      | Noticed an ice beast
  3625 | D:5      | Killed an ice beast
  3626 | D:5      | Reached skill level 1 in Throwing
  3703 | D:5      | Noticed an ice beast
  3719 | D:5      | Killed an ice beast
  3720 | D:5      | Reached XP level 7. HP: 58/58 MP: 6/6
  3738 | D:5      | Noticed Grinder
  3760 | D:4      | Reached skill level 4 in Fighting
  3760 | D:4      | Reached skill level 2 in Throwing
  3760 | D:4      | Reached skill level 2 in Armour
  4199 | D:2      | Bought a scroll of identify for 22 gold pieces
  4199 | D:2      | Bought a scroll of identify for 22 gold pieces
  4255 | D:4      | Reached skill level 8 in Unarmed Combat
  4594 | D:5      | Reached skill level 3 in Armour
  5048 | D:5      | Paralysed by Grinder for 3 turns
  5053 | D:5      | Killed Grinder
  5054 | D:5      | Reached XP level 8. HP: 59/67 MP: 5/7
  5314 | D:6      | Noticed a troll
  5320 | D:6      | Killed a troll
  5321 | D:6      | Reached skill level 4 in Armour
  5524 | D:6      | Reached skill level 5 in Fighting
  5524 | D:6      | Reached skill level 9 in Unarmed Combat
  6737 | D:6      | Reached skill level 5 in Armour
  6747 | D:6      | Reached skill level 1 in Shields
  6876 | D:6      | Reached XP level 9. HP: 73/75 MP: 6/8
  7103 | D:6      | Found a stormy altar of Qazlal.
  7403 | D:7      | Noticed Menkaure
  7416 | D:7      | Killed Menkaure
  7417 | D:7      | Reached skill level 6 in Fighting
  7417 | D:7      | Reached skill level 2 in Shields
  8268 | D:7      | Reached skill level 3 in Shields
  8292 | D:7      | Reached skill level 7 in Fighting
  8377 | D:7      | Reached skill level 4 in Shields
  8647 | D:7      | Noticed a death knight
  9297 | D:7      | Reached skill level 8 in Fighting
  9390 | D:7      | Reached skill level 5 in Shields
  9721 | D:7      | Reached XP level 10. HP: 83/90 MP: 7/9
  9912 | D:7      | Found a staircase to the Ecumenical Temple.
 10429 | Temple   | Entered the Ecumenical Temple
 10573 | Temple   | Became a worshipper of Warmaster Okawaru
 10573 | Temple   | Reached * piety under Okawaru
 10573 | Temple   | Reached ** piety under Okawaru
 10658 | D:7      | Reached skill level 1 in Invocations
 10683 | D:7      | Reached skill level 2 in Invocations
 11293 | D:8      | Reached skill level 3 in Invocations
 11826 | D:8      | Reached skill level 6 in Shields
 11943 | D:8      | Found a shadowy altar of Dithmenos.
 11992 | D:8      | Noticed Prince Ribbit
 12012 | D:8      | Killed Prince Ribbit
 12081 | D:8      | Found a broken altar of Ashenzari.
 12081 | D:8      | Noticed a two-headed ogre
 12344 | D:8      | Reached skill level 7 in Shields
 12425 | D:8      | Reached *** piety under Okawaru
 12496 | D:8      | Noticed a two-headed ogre
 12513 | D:8      | HP: 9/90 [two-headed ogre/+0 dire flail (22)]
 13266 | D:9      | Reached skill level 10 in Unarmed Combat
 13395 | D:9      | Found a staircase to the Orcish Mines.
 13583 | D:9      | Reached skill level 8 in Shields
 13597 | D:9      | Reached XP level 11. HP: 78/95 MP: 7/12
 13821 | D:9      | Found Lilarec's Changing Room.
 14426 | D:10     | Entered Level 10 of the Dungeon
 14514 | D:10     | Found a sparkling altar of Nemelex Xobeh.
 14719 | D:10     | Reached **** piety under Okawaru
 14720 | D:10     | Reached skill level 9 in Shields
 14834 | D:10     | Found a staircase to the Lair.
 14916 | D:10     | Found a radiant altar of Vehumet.
 14952 | D:10     | Found Jaucsopn's Weapon Emporium.
 15086 | D:10     | Found a bloodstained altar of Trog.
 15190 | D:10     | Reached skill level 11 in Unarmed Combat
 15321 | D:10     | HP: 4/95 [komodo dragon (22)]
 15328 | D:10     | Slain by a komodo dragon

Vanquished Creatures
  A gargoyle (D:10)
  A troll (D:6)
  Prince Ribbit (D:8)
  Grinder (D:5)
  A hornet (D:9)
  A shadow (D:7)
  16 yaks
  A wyvern (D:10)
  2 wraiths (D:10)
  3 steam dragons
  Menkaure (D:7)
  2 water moccasins
  A black bear (D:7)
  4 ice beasts
  5 orc warriors
  An ogre (D:4)
  4 centaurs
  2 phantoms
  A kobold brigand (D:5)
  4 bullfrogs
  2 scorpions
  3 necrophages
  2 gnoll sergeants (D:6)
  9 wights
  4 killer bees
  2 howler monkeys
  5 hounds
  A jelly (D:7)
  5 orc priests
  3 gnoll shamans
  4 iguanas
  11 orc wizards
  21 gnolls
  6 adders
  5 shadow imps
  2 white imps
  A worm (D:3)
  5 dart slugs
  28 orcs
  9 ball pythons
  5 bats
  11 endoplasms
  2 giant cockroaches
  6 goblins
  17 hobgoblins
  7 jackals
  3 quokkas
  9 frilled lizards
  21 kobolds
  4 rats
266 creatures vanquished.

Vanquished Creatures (others)
  15 plants
15 creatures vanquished.

Grand Total: 281 creatures vanquished

Table legend: (Time is in decaauts)
 A = Elapsed time spent in this place.
 B = Non-inter-level travel time spent in this place.
 C = Inter-level travel time spent in this place.
 D = Time resting spent in this place.
 E = Time spent auto-exploring this place.
 F = Levels seen in this place.
 G = Mean time per level.
                   A        B        C        D        E       F      G
               +--------+--------+--------+--------+--------+-----+--------+
         Total |  15323 |  14440 |    883 |   3565 |   6434 |  11 | 1393.0 |
       Dungeon |  15158 |  14304 |    854 |   3565 |   6312 |  10 | 1515.8 |
        Temple |    164 |    135 |     29 |      0 |    122 |   1 |  164.0 |
               +--------+--------+--------+--------+--------+-----+--------+

Top non-repeatable levels by time:
     D:6: 2568 daAuts
     D:7: 2493 daAuts
     D:8: 1989 daAuts
     D:5: 1783 daAuts
     D:4: 1486 daAuts
     D:9: 1235 daAuts
     D:3: 1021 daAuts
    D:10: 927 daAuts
     D:2: 853 daAuts
     D:1: 799 daAuts
  Temple: 164 daAuts

Table legend:
 A = Non-vault XP
 B = Vault XP
 C = Vault XP percentage of total XP
 D = Non-vault monster count
 E = Vault monster count
 F = Vault count percentage of total count
                 A         B        C        D         E       F
            +---------+---------+-------+---------+---------+-------
      Total |    9968 |    2626 |  20.9 |     199 |      67 |  25.2
            +---------+---------+-------+---------+---------+-------
        D:1 |      52 |       0 |   0.0 |      22 |       0 |   0.0
        D:2 |      69 |       0 |   0.0 |      26 |       0 |   0.0
        D:3 |      55 |      10 |  15.4 |      15 |       5 |  25.0
        D:4 |     419 |      13 |   3.0 |      17 |       6 |  26.1
        D:5 |     449 |     377 |  45.6 |       8 |       9 |  52.9
        D:6 |    1239 |     287 |  18.8 |      20 |      21 |  51.2
        D:7 |     821 |    1659 |  66.9 |      32 |      20 |  38.5
        D:8 |    2165 |     268 |  11.0 |      26 |       1 |   3.7
        D:9 |    2165 |      12 |   0.6 |      16 |       5 |  23.8
       D:10 |    2534 |       0 |   0.0 |      17 |       0 |   0.0
            +---------+---------+-------+---------+---------+-------
